PCL
SACRAMENTO RIVER CATS @ IOWA CUBS
08/01/2098
 
TOP OF THE 1ST
Sacramento River Cats batting - Pitching for Iowa Cubs : RHP Ron Boone
Pitching: RHP Ron Boone
Batting: RHB Luis Juarez 0-0: Called Strike
0-1: Bunted foul
0-2: Strikes out looking
Batting: LHB Sergio Almanza 0-0: Called Strike
0-1: Ball
1-1: Ball
2-1: Foul Ball, location: 7LSF
2-2: Fly out, F4 (Popup, 4D, EV 67.5 MPH)
Batting: RHB Chris Strong 0-0: Called Strike
0-1: Foul Ball, location: 3SF
0-2: Foul Ball, location: 25FF
0-2: Ball
1-2: Ground out 6-3 (Groundball, P, EV 88.1 MPH)
Top of the 1st over - 0 runs, 0 hits, 0 errors, 0 left on base; Sacramento 0 - Iowa 0
BOTTOM OF THE 1ST
Iowa Cubs batting - Pitching for Sacramento River Cats : RHP Toby Carlson
Pitching: RHP Toby Carlson
Batting: LHB Matt Hartwig 0-0: Called Strike
0-1: Foul Ball, location: 7LMFF
0-2: Strikes out swinging
Batting: RHB Kyle Dellinger 0-0: Called Strike
0-1: Ground out 6-3 (Groundball, 6, EV 83.8 MPH)
Batting: LHB Stuart Thomas 0-0: Called Strike
0-1: Ball
1-1: Fly out, F8 (Line Drive, 8LM, EV 90.0 MPH)
Bottom of the 1st over - 0 runs, 0 hits, 0 errors, 0 left on base; Sacramento 0 - Iowa 0
TOP OF THE 2ND
Sacramento River Cats batting - Pitching for Iowa Cubs : RHP Ron Boone
Batting: LHB Andy VanAsselberg 0-0: Foul Ball, location: 2F
0-1: Ball
1-1: SINGLE (Groundball, 4, EV 100.6 MPH) (infield hit)
Batting: RHB Luis Jaramillo 0-0: Ball
1-0: Swinging Strike
1-1: Called Strike
1-2: Ball
Andy VanAsselberg is caught stealing 2nd base 2-4
2-2: Foul Ball, location: 5F
2-2: Strikes out looking
Batting: RHB Miles Carr 0-0: SINGLE (Line Drive, 9S, EV 95.0 MPH)
Batting: RHB Elvin Reiss 0-0: Fly out, F6 (Popup, P, EV 68.8 MPH)
Top of the 2nd over - 0 runs, 2 hits, 0 errors, 1 left on base; Sacramento 0 - Iowa 0
BOTTOM OF THE 2ND
Iowa Cubs batting - Pitching for Sacramento River Cats : RHP Toby Carlson
Batting: RHB Jonathan Stooksberry 0-0: Ball
1-0: Ball
2-0: Ball
3-0: Base on Balls
Batting: RHB Josh Bushman 0-0: Ball
1-0: DOUBLE (Line Drive, 7LM, EV 104.4 MPH)
Jonathan Stooksberry to third
Runner from 3rd tries for Home, SAFE, throw by LF to home
Batting: RHB Ron Owings 0-0: Foul Ball, location: 7LMF
0-1: Ball
1-1: Ball
2-1: Fly out, F8 (Flyball, 8RD, EV 81.3 MPH)
Batting: RHB Jacob Duke 0-0: Ball
1-0: Ball
2-0: Ground out 5-3 (Groundball, 56, EV 103.8 MPH)
Batting: RHB Jim Unknown 0-0: Ball
1-0: Called Strike
1-1: Swinging Strike
1-2: Strikes out swinging
Bottom of the 2nd over - 1 run, 1 hit, 0 errors, 1 left on base; Sacramento 0 - Iowa 1
TOP OF THE 3RD
Sacramento River Cats batting - Pitching for Iowa Cubs : RHP Ron Boone
Batting: RHB Rich Jordan 0-0: Ball
1-0: Called Strike
1-1: Called Strike
1-2: Fly out, F2 (Popup, 23F, EV 83.8 MPH)
Batting: SHB Jody Tomko 0-0: SOLO HOME RUN (Flyball, 9D, EV 100.0 MPH), Distance : 367 ft
Batting: RHB Luis Juarez 0-0: Ball
1-0: Foul Ball, location: 9LMF
1-1: Ball
2-1: Foul Ball, location: 2F
2-2: Hit by Pitch
Batting: LHB Sergio Almanza 0-0: Fly out, F8 (Flyball, 89M, EV 83.8 MPH)
Batting: RHB Chris Strong 0-0: Foul Ball, location: 2F
0-1: Called Strike
0-2: SINGLE (Groundball, 4MD, EV 107.5 MPH)
Luis Juarez to second
Batting: LHB Andy VanAsselberg 0-0: Ball
1-0: Ball
2-0: Fly out, F5 (Popup, 5SF, EV 76.9 MPH)
Top of the 3rd over - 1 run, 2 hits, 0 errors, 2 left on base; Sacramento 1 - Iowa 1
BOTTOM OF THE 3RD
Iowa Cubs batting - Pitching for Sacramento River Cats : RHP Toby Carlson
Batting: SHB Jim Unknown 0-0: Swinging Strike
0-1: Foul Ball, location: 7LMF
0-2: Foul Ball, location: 2F
0-2: Strikes out swinging
Batting: LHB Matt Hartwig 0-0: Foul Ball, location: 3FF
0-1: Ball
1-1: Ball
2-1: Ball
3-1: Fly out, F8 (Flyball, 8RM, EV 73.8 MPH)
Batting: RHB Kyle Dellinger 0-0: Called Strike
0-1: Ground out 5-3 (Groundball, 5S, EV 82.5 MPH)
Bottom of the 3rd over - 0 runs, 0 hits, 0 errors, 0 left on base; Sacramento 1 - Iowa 1
TOP OF THE 4TH
Sacramento River Cats batting - Pitching for Iowa Cubs : RHP Ron Boone
Batting: RHB Luis Jaramillo 0-0: Foul Ball, location: 9LDF
0-1: Fly out, F8 (Flyball, 8LD, EV 99.4 MPH)
Batting: RHB Miles Carr 0-0: Ball
1-0: Swinging Strike
1-1: Ground out 4-3 (Groundball, 4, EV 92.5 MPH)
Batting: RHB Elvin Reiss 0-0: Ball
1-0: Foul Ball, location: 2F
1-1: Called Strike
1-2: Ball
2-2: Hit by Pitch
Batting: RHB Rich Jordan 0-0: Ball
1-0: Ball
2-0: Ball
3-0: Called Strike
3-1: Base on Balls
Elvin Reiss to second
Batting: SHB Jody Tomko 0-0: Ground out 4-3 (Groundball, 4, EV 80.6 MPH)
Top of the 4th over - 0 runs, 0 hits, 0 errors, 2 left on base; Sacramento 1 - Iowa 1
BOTTOM OF THE 4TH
Iowa Cubs batting - Pitching for Sacramento River Cats : RHP Toby Carlson
Batting: LHB Stuart Thomas 0-0: Ball
1-0: Foul Ball, location: 3F
1-1: Ball
2-1: Foul Ball, location: 2RF
2-2: Ball
3-2: Foul Ball, location: 9LDF
3-2: SINGLE (Groundball, 34D, EV 105.0 MPH)
Batting: RHB Jonathan Stooksberry 0-0: Foul Ball, location: 25F
0-1: Ball
1-1: Foul Ball, location: 7LMF
1-2: Ball
2-2: Ball
3-2: SINGLE (Groundball, 6S, EV 74.4 MPH) (infield hit)
Stuart Thomas to second
Batting: RHB Josh Bushman 0-0: Called Strike
0-1: Grounds into double play, 4-6-3 (Groundball, 34, EV 81.3 MPH)
Stuart Thomas to third
Batting: RHB Ron Owings 0-0: Swinging Strike
0-1: Fly out, F8 (Line Drive, 8LM, EV 111.3 MPH)
Bottom of the 4th over - 0 runs, 2 hits, 0 errors, 1 left on base; Sacramento 1 - Iowa 1
TOP OF THE 5TH
Sacramento River Cats batting - Pitching for Iowa Cubs : RHP Ron Boone
Batting: RHB Luis Juarez 0-0: Ball
1-0: DOUBLE (Line Drive, 89D, EV 106.9 MPH) - OUT at third base trying to stretch hit.
Batting: LHB Sergio Almanza 0-0: Called Strike
0-1: SINGLE (Groundball, 34D, EV 105.0 MPH)
Batting: RHB Chris Strong 0-0: Ball
1-0: Called Strike
1-1: Foul Ball, location: 2F
1-2: Foul Ball, location: 2F
1-2: Ball
2-2: Ball
3-2: Base on Balls
Sergio Almanza to second
Batting: LHB Andy VanAsselberg 0-0: DOUBLE (Flyball, 8LXD, EV 93.8 MPH)
Sergio Almanza scores
Chris Strong to third
Runner from 3rd tries for Home, SAFE, throw by CF to home
Batting: RHB Luis Jaramillo 0-0: Ball
1-0: Foul Ball, location: 2F
1-1: Foul Ball, location: 2F
1-2: 2-RUN HOME RUN (Flyball, 7LD, EV 93.8 MPH), Distance : 362 ft
Batting: RHB Miles Carr 0-0: Fly out, F7 (Flyball, 78D, EV 90.0 MPH)
Batting: RHB Elvin Reiss 0-0: Swinging Strike
0-1: Fly out, F5 (Popup, 5F, EV 70.6 MPH)
Top of the 5th over - 4 runs, 4 hits, 0 errors, 0 left on base; Sacramento 5 - Iowa 1
BOTTOM OF THE 5TH
Iowa Cubs batting - Pitching for Sacramento River Cats : RHP Toby Carlson
Batting: RHB Jacob Duke 0-0: Ball
1-0: Called Strike
1-1: Ball
2-1: Called Strike
2-2: Fly out, F4 (Popup, 4M, EV 76.3 MPH)
Batting: RHB Jim Unknown 0-0: Ball
1-0: Swinging Strike
1-1: Swinging Strike
1-2: Strikes out looking
Batting: SHB Jim Unknown 0-0: Called Strike
0-1: Foul Ball, location: 5F
0-2: Strikes out swinging
Bottom of the 5th over - 0 runs, 0 hits, 0 errors, 0 left on base; Sacramento 5 - Iowa 1
TOP OF THE 6TH
Sacramento River Cats batting - Pitching for Iowa Cubs : RHP Ron Boone
Batting: RHB Rich Jordan 0-0: Ball
1-0: Ball
2-0: SINGLE (Flyball, 4D, EV 90.0 MPH)
Batting: SHB Jody Tomko 0-0: Ball
1-0: Ball
2-0: Called Strike
2-1: Foul Ball, location: 3F
2-2: Ball
3-2: Fly out, F3 (Popup, 3SF, EV 82.5 MPH)
Batting: RHB Luis Juarez 0-0: Grounds into double play, 6-4-3 (Groundball, 6, EV 92.5 MPH)
Top of the 6th over - 0 runs, 1 hit, 0 errors, 0 left on base; Sacramento 5 - Iowa 1
BOTTOM OF THE 6TH
Iowa Cubs batting - Pitching for Sacramento River Cats : RHP Toby Carlson
Batting: LHB Matt Hartwig 0-0: Foul Ball, location: 5DF
0-1: Foul Ball, location: 7LSF
0-2: Ball
1-2: Ground out 3-1 (Groundball, 34, EV 93.8 MPH)
Batting: RHB Kyle Dellinger 0-0: Swinging Strike
0-1: Swinging Strike
0-2: Ball
1-2: Ground out 5-3 (Groundball, 56, EV 103.1 MPH)
Batting: LHB Stuart Thomas 0-0: Ball
1-0: Foul Ball, location: 3FF
1-1: Reached on error, E6 (Groundball, 6, EV 106.3 MPH)
Batting: RHB Jonathan Stooksberry 0-0: Swinging Strike
0-1: Fielders Choice at 2nd, 5-4 (Groundball, 5, EV 87.5 MPH)
Bottom of the 6th over - 0 runs, 0 hits, 1 error, 1 left on base; Sacramento 5 - Iowa 1
TOP OF THE 7TH
Sacramento River Cats batting - Pitching for Iowa Cubs : RHP Ron Boone
Batting: LHB Sergio Almanza 0-0: Ground out 5-3 (Groundball, 56, EV 82.5 MPH)
Batting: RHB Chris Strong 0-0: Called Strike
0-1: Ball
1-1: Ball
2-1: DOUBLE (Groundball, 5L, EV 100.6 MPH)
Batting: LHB Andy VanAsselberg 0-0: Called Strike
0-1: Swinging Strike
0-2: Ball
1-2: Ball
2-2: Foul Ball, location: 7LDF
2-2: Foul Ball, location: 7LDF
2-2: Fly out, F7 (Flyball, 7, EV 83.1 MPH)
Batting: RHB Luis Jaramillo 0-0: Swinging Strike
0-1: Foul Ball, location: 3DF
0-2: Foul Ball, location: 2F
0-2: Foul Ball, location: 2F
0-2: Strikes out swinging
Top of the 7th over - 0 runs, 1 hit, 0 errors, 1 left on base; Sacramento 5 - Iowa 1
BOTTOM OF THE 7TH
Iowa Cubs batting - Pitching for Sacramento River Cats : RHP Toby Carlson
Now at 2B: Kenny Giancola
Now at 3B: Raul Arellano
Now in LF: Steve Ferguson
Now in RF: Rich Jordan
Batting: RHB Josh Bushman 0-0: Called Strike
0-1: Swinging Strike
0-2: Ball
1-2: SINGLE (Flyball, 78S, EV 96.3 MPH)
Batting: RHB Ron Owings 0-0: Ball
1-0: SINGLE (Line Drive, 3D, EV 109.4 MPH)
Josh Bushman to second
Batting: RHB Jacob Duke 0-0: Ball
1-0: Called Strike
1-1: Called Strike
1-2: DOUBLE (Flyball, 8RXD, EV 90.0 MPH)
Josh Bushman scores
Ron Owings to third
Batting: RHB Jim Unknown 0-0: Foul Ball, location: 2F
0-1: Called Strike
0-2: Fly out, F7 (Flyball, 7D, EV 79.4 MPH)
Runner from 3rd tags up, SCORES, no throw by LF
Pitching: RHP Randy Misener
Batting: SHB Jim Unknown 0-0: SINGLE (Groundball, 4MD, EV 105.6 MPH)
Jacob Duke to third
Batting: LHB Matt Hartwig 0-0: Called Strike
0-1: SINGLE (Groundball, 34D, EV 102.5 MPH)
Jacob Duke scores
Jim Unknown to second
Batting: RHB Kyle Dellinger 0-0: Ball
1-0: Ball
2-0: Grounds into double play, 6-4-3 (Groundball, 6, EV 93.1 MPH)
Bottom of the 7th over - 3 runs, 5 hits, 0 errors, 1 left on base; Sacramento 5 - Iowa 4
TOP OF THE 8TH
Sacramento River Cats batting - Pitching for Iowa Cubs : RHP Ron Boone
Pitching: LHP Alex Banuelos
Batting: RHB Miles Carr 0-0: Ball
1-0: Fly out, F3 (Popup, 34, EV 77.5 MPH)
Batting: RHB Elvin Reiss 0-0: Ball
1-0: Ball
2-0: Ball
3-0: Called Strike
3-1: Base on Balls
Batting: RHB Rich Jordan 0-0: Called Strike
0-1: Ball
1-1: Foul Ball, location: 7LDF
1-2: Foul Ball, location: 5F
1-2: Foul Ball, location: 3SF
1-2: Strikes out swinging
Batting: SHB Jody Tomko 0-0: Ball
1-0: Called Strike
1-1: Called Strike
1-2: Ball
2-2: Ball
3-2: Foul Ball, location: 25F
3-2: Foul Ball, location: 2F
3-2: Ground out 5-3 (Groundball, 56, EV 86.3 MPH)
Top of the 8th over - 0 runs, 0 hits, 0 errors, 1 left on base; Sacramento 5 - Iowa 4
BOTTOM OF THE 8TH
Iowa Cubs batting - Pitching for Sacramento River Cats : RHP Randy Misener
Batting: LHB Stuart Thomas 0-0: Foul Ball, location: 5FF
0-1: Called Strike
0-2: Strikes out swinging
Batting: RHB Jonathan Stooksberry 0-0: Called Strike
0-1: Foul Ball, location: 3SF
0-2: Foul Ball, location: 23FF
0-2: Fly out, F3 (Popup, 34S, EV 73.8 MPH)
Batting: RHB Josh Bushman 0-0: Ball
1-0: Foul Ball, location: 9LMF
1-1: Fly out, F6 (Popup, 6MD, EV 45.6 MPH)
Bottom of the 8th over - 0 runs, 0 hits, 0 errors, 0 left on base; Sacramento 5 - Iowa 4
TOP OF THE 9TH
Sacramento River Cats batting - Pitching for Iowa Cubs : LHP Alex Banuelos
Batting: RHB Kenny Giancola 0-0: Called Strike
0-1: Ball
1-1: Ball
2-1: SINGLE (Line Drive, 9LS, EV 90.6 MPH)
Batting: LHB Sergio Almanza 0-0: Ball
1-0: Called Strike
1-1: Bunted foul
1-2: Foul Ball, location: 7LSF
1-2: Foul Ball, location: 7LMF
1-2: Foul Ball, location: 2F
1-2: Fly out, F9 (Line Drive, 89M, EV 93.8 MPH)
Batting: LHB Steve Ferguson 0-0: Called Strike
0-1: Ball
1-1: Foul Ball, location: 5F
1-2: Ball
2-2: Fielders Choice at 2nd, 3-6 (Groundball, 3, EV 80.6 MPH)
Batting: LHB Raul Arellano 0-0: Foul Ball, location: 2LF
0-1: Foul Ball, location: 5F
0-2: Ball
1-2: Strikes out swinging
Top of the 9th over - 0 runs, 1 hit, 0 errors, 1 left on base; Sacramento 5 - Iowa 4
BOTTOM OF THE 9TH
Iowa Cubs batting - Pitching for Sacramento River Cats : RHP Randy Misener
Batting: RHB Ron Owings 0-0: Called Strike
0-1: Called Strike
0-2: Strikes out swinging
Batting: RHB Jacob Duke 0-0: Swinging Strike
0-1: Ball
1-1: Foul Ball, location: 2F
1-2: Foul Ball, location: 5F
1-2: Strikes out swinging
Batting: RHB Jim Unknown 0-0: Ball
1-0: Ball
2-0: Ball
3-0: Base on Balls
Pinch Hitting: RHB Jim Unknown 0-0: Called Strike
0-1: Ball
1-1: Foul Ball, location: 9LDF
1-2: Strikes out swinging
Bottom of the 9th over - 0 runs, 0 hits, 0 errors, 1 left on base; Sacramento 5 - Iowa 4
Thursday, April 11th , 2024 - OOTP Baseball 24.11 Build 85